 Dungeon Crawl Stone Soup version 0.27-a0-1193-g8631133539 (webtiles) character file.

Game seed: 5865464020642163793

705 freelancePsychic the Cudgeller (level 7, 0/66 HPs)
             Began as a Gargoyle Berserker on May 26, 2021.
             Was a Priest of Trog.
             Slain by a gnoll shaman
             ... wielding a +0 whip
              (7 damage)
             ... on level 9 of the Dungeon.
             The game lasted 00:13:17 (3705 turns).

freelancePsychic the Cudgeller (Gargoyle Berserker) Turns: 3705, Time: 00:13:18

Health: 0/66       AC: 17    Str: 22    XL:     7   Next: 67%
Magic:  7/7        EV:  8    Int:  7    God:    Trog [***...]
Gold:   227        SH:  0    Dex: 10    Spells: 6/6 levels left

rFire    . . .     SeeInvis .   a - +1 flail (holy)
rCold    . . .     Faith    .   (no shield)
rNeg     + . .     Spirit   .   k - +0 chain mail
rPois    ∞         Reflect  .   (no helmet)
rElec    +         Harm     .   n - +2 cloak
rCorr    .         Rampage  .   (no gloves)
Will     +++..                  (no boots)
Stlth    ..........             (no amulet)
HPRegen  1.21/turn              m - ring of willpower
MPRegen  0.10/turn              (no ring)

@: berserking (expiring), strong-willed, regenerating, very quick
A: sickness immunity, AC +4, negative energy resistance 1, electricity
resistance, torment resistance 1, petrification resistance
a: Renounce Religion, Berserk, Trog's Hand


You were on level 9 of the Dungeon.
You worshipped Trog.
Trog was most pleased with you.
You visited 1 branch of the dungeon, and saw 7 of its levels.

You collected 227 gold pieces.

Inventory:

Hand Weapons
 a - a +1 flail of holy wrath (weapon)
 q - a +0 morningstar
Armour
 b - a +0 animal skin
 k - a +0 chain mail (worn)
 n - a +2 cloak (worn)
Jewellery
 m - a ring of willpower (left hand)
Scrolls
 c - 2 scrolls of enchant armour {unknown}
 e - a scroll of vulnerability {unknown}
 f - 2 scrolls of enchant weapon
 p - a scroll of noise
Potions
 d - a potion of curing {unknown}
 g - 2 potions of invisibility
 i - 2 potions of brilliance
 j - a potion of resistance {unknown}


   Skills:
 + Level 5.4 Fighting
 * Level 6.5 Maces & Flails
 + Level 4.9 Armour
 - Level 1.5 Dodging


You had 6 spell levels left.
You didn't know any spells.
Your spell library was empty.

Dungeon Overview and Level Annotations

Branches:
Dungeon (9/15)
 Temple: D:4-7         Lair: D:8-11         Orc: D:9-12

Altars:


Innate Abilities, Weirdness & Mutations

You are immune to sickness and miasma.
Your stone body is resilient. (AC +4)
You are immune to poison.
You resist negative energy. (rN+)
You are resistant to electric shocks. (rElec)
You are resistant to unholy torment.
You are immune to petrification.


Message History

You closely miss the hornet.
The hornet is lightly wounded.
The hornet stings you but does no damage.
You barely miss the hornet.
The hornet is lightly wounded.
The hornet stings you.
* * * LOW HITPOINT WARNING * * *
You barely miss the hornet.
The hornet is lightly wounded.
The hornet stings you but does no damage.
Your chain mail prevents you from hitting the hornet.
The hornet is lightly wounded.
The hornet barely misses you.
You barely miss the hornet.
The hornet is lightly wounded.
The hornet stings you but does no damage.
The hornet stings you.
* * * LOW HITPOINT WARNING * * *
You sock the hornet!
The hornet is heavily wounded.
The hornet stings you!
* * * LOW HITPOINT WARNING * * *
You hit the hornet.
The hornet is severely wounded.
The hornet barely misses you.
Your chain mail prevents you from hitting the hornet.
The hornet is severely wounded.
The hornet stings you.
* * * LOW HITPOINT WARNING * * *
Your chain mail prevents you from hitting the hornet.
The hornet is severely wounded.
The hornet stings you but does no damage.
You closely miss the hornet.
The hornet is severely wounded.
The hornet completely misses you.
You sock the hornet!
You kill the hornet!
Trog accepts your kill.
The gnoll shaman hits you with a +0 whip!
You die...

#.# ... #.# .... #.#
#.... #.###########...
#g............##+
#g............#..
..#######gg.>.........#..
........@Yg...........+..
.....#############....###
.## ###..... #.g...
#..... #..... ######


You could see a yak, a gnoll shaman and 4 gnolls.

Vanquished Creatures
  A hornet (D:9)
  A yak (D:8)
  A scorpion (D:4)
  2 orc priests
  2 orc wizards
  A howler monkey skeleton (D:4)
  A gnoll (D:1)
  6 adders
  A white imp (D:3)
  A worm (D:3)
  A dart slug (D:3)
  21 orcs
  5 endoplasms
  5 giant cockroaches
  7 goblins
  7 hobgoblins
  8 jackals
  10 kobolds
  4 quokkas
  8 ball pythons
  7 bats
  A frilled lizard (D:1)
  3 rats
104 creatures vanquished.

Notes
Turn   | Place    | Note
-------+----------+-------------------------------------------
     0 | D:1      | freelancePsychic the Gargoyle Berserker began the quest for
                  | the Orb.
     0 | D:1      | Reached XP level 1. HP: 14/14 MP: 1/1
   277 | D:1      | Reached XP level 2. HP: 18/19 MP: 2/2
   650 | D:1      | Reached XP level 3. HP: 23/23 MP: 3/3
   862 | D:2      | Reached skill level 4 in Maces & Flails
   884 | D:2      | Reached XP level 4. HP: 26/29 MP: 4/4
   989 | D:2      | Reached ** piety under Trog
  1630 | D:3      | Reached XP level 5. HP: 33/33 MP: 5/5
  2379 | D:3      | Reached skill level 5 in Maces & Flails
  2501 | D:3      | Reached *** piety under Trog
  2506 | D:3      | Reached XP level 6. HP: 39/39 MP: 6/6
  2642 | D:4      | Identified the +0 cloak of Chimes {rN+}
  3256 | D:5      | Entered Level 5 of the Dungeon
  3270 | D:5      | Noticed an ice beast
  3564 | D:5      | You fall into a shaft and drop 3 floors!
  3567 | D:8      | Noticed a yak
  3568 | D:8      | Noticed a yak
  3568 | D:8      | Noticed a yak
  3568 | D:8      | Noticed a yak
  3568 | D:8      | Noticed a yak
  3568 | D:8      | Noticed a yak
  3592 | D:8      | Killed a yak
  3593 | D:8      | Reached skill level 5 in Fighting
  3593 | D:8      | Reached skill level 6 in Maces & Flails
  3593 | D:8      | Reached XP level 7. HP: 44/44 MP: 7/7
  3665 | D:9      | Noticed a hornet
  3701 | D:9      | HP: 3/66 [hornet (3)]
  3704 | D:9      | Killed a hornet
  3705 | D:9      | Slain by a gnoll shaman

Illustrated notes

Levels and vault maps discovered:
D:1:      scummos_arrival_hexagon, layout_rooms
D:2:      layout_rooms, minmay_bisected
D:3:      layout_basic, minmay_crystal_water, minmay_pentangle
D:4:      layout_cave_pools
D:5:      layout_basic, uniq_menkaure
D:8:      layout_rooms, elyvilon_altar_1, marbit_many_paths
D:9:      layout_irregular_city, minitemple, minmay_lair_entry_grove,
          serial_column_ruins, column_ruins_square_large,
          column_ruins_hut_ruined, column_ruins_columns_dead_end,
          column_ruins_open_tiny, column_ruins_open_small,
          column_ruins_columns_straight, column_ruins_open_small,
          column_ruins_open_tiny

Skill      XL: |  1  2  3  4  5  6 |
---------------+-------------------+-----
Maces & Flails | 4 5 6 |  6.5
Armour         | 3 4 |  4.9
Fighting       | 4 5 |  5.4
Dodging        | |  1.5

Action                   |  1- 3 |  4- 6 |  7- 9 || total
-------------------------+-------+-------+-------++-------
Melee: Mace              |    88 |    96 |       ||   184
       Flail             |       |   136 |    17 ||   153
Invok: Berserk           |     2 |     9 |     1 ||    12
       Trog's Hand       |       |       |     3 ||     3
  Use: Scroll            |       |     8 |     5 ||    13
Armor: Animal skin       |    46 |       |       ||    46
       Chain mail        |       |   184 |    33 ||   217
Dodge: Dodged            |    62 |   110 |    16 ||   188

Table legend: (Time is in decaauts)
 A = Elapsed time spent in this place.
 B = Non-inter-level travel time spent in this place.
 C = Inter-level travel time spent in this place.
 D = Time resting spent in this place.
 E = Time spent auto-exploring this place.
 F = Levels seen in this place.
 G = Mean time per level.
                   A        B        C        D        E       F      G
               +--------+--------+--------+--------+--------+-----+--------+
         Total |   3850 |   3708 |    142 |    657 |   2151 |   7 |  550.0 |
       Dungeon |   3850 |   3708 |    142 |    657 |   2151 |   7 |  550.0 |
               +--------+--------+--------+--------+--------+-----+--------+

Top non-repeatable levels by time:
     D:3: 1481 daAuts
     D:4: 772 daAuts
     D:1: 744 daAuts
     D:2: 517 daAuts
     D:5: 191 daAuts
     D:9: 77 daAuts
     D:8: 66 daAuts
